 Dungeon Crawl Stone Soup version 0.29.0-11-gd7f09526c8 (webtiles) character file.

Game seed: 2695728602745488597

3789 Rennog the Blocker (level 10, 0/82 HPs)
             Began as a Gnoll Fighter on Sept 5, 2022.
             Was a Priest of Cheibriados.
             Killed from afar by an electric eel (8 damage)
             ... with a bolt of electricity
             ... on level 8 of the Dungeon.
             The game lasted 00:13:50 (7105 turns).

Rennog the Blocker (Gnoll Fighter)                  Turns: 7105, Time: 00:14:00

Health: 0/82       AC: 12    Str: 27    XL:     10   Next: 16%
Magic:  17/17      EV: 13    Int: 30    God:    Cheibriados [***...]
Gold:   379        SH:  7    Dex: 21    Spells: 16/19 levels left

rFire   x . .      SeeInvis .   A - +7 long sword "Acriurch" {holy, rF- rCorr Str+3}
rCold   . . .      Faith    .   c - +0 buckler
rNeg    . . .      Spirit   .   b - +0 scale mail
rPois   .          Reflect  .   p - +0 helmet
rElec   .          Harm     .   n - scarf {+Inv}
rCorr   +          Rampage  .   s - +0 pair of gloves
Will    .....                   G - +0 pair of boots
Stlth   ++........              (no amulet)
HPRegen 0.23/turn               j - +6 ring of intelligence
MPRegen 0.15/turn               H - +6 ring of intelligence

@: very slow
A: fangs 1, strong nose, distributed training
a: Renounce Religion, Evoke Invisibility, Bend Time, Temporal Distortion


You were on level 8 of the Dungeon.
You worshipped Cheibriados.
Cheibriados was most pleased with you.
You visited 1 branch of the dungeon, and saw 8 of its levels.

You collected 379 gold pieces.

Inventory:

Hand Weapons
 y - the +4 rapier of Laceration {flame, Dex+3}
   (You found it on level 4 of the Dungeon)

   It burns those it strikes, dealing additional fire damage.
   Dex:       It affects your dexterity (+3).
 A - the +7 long sword "Acriurch" (weapon) {holy, rF- rCorr Str+3}
   (You took it off a centaur on level 6 of the Dungeon)

   It has been blessed by the Shining One to cause great damage to the undead
   and demons.
   Str:       It affects your strength (+3).
   rF:        It makes you vulnerable to fire.
   rCorr:     It protects you from acid and corrosion.
Armour
 b - a +0 scale mail (worn)
 c - a +0 buckler (worn)
 n - a scarf of invisibility (worn)
 p - a +0 helmet (worn)
 s - a +0 pair of gloves (worn)
 G - a +0 pair of boots (worn)
Jewellery
 j - a +6 ring of intelligence (left hand)
 B - a ring of see invisible
 H - a +6 ring of intelligence (right hand)
Wands
 k - a wand of paralysis (6)
 I - a wand of light (9)
Scrolls
 a - a scroll of brand weapon {unknown}
 d - 2 scrolls of immolation {unknown}
 e - 2 scrolls of silence {unknown}
 f - 3 scrolls of magic mapping {unknown}
 h - 7 scrolls of identify {unknown}
 i - 2 scrolls of enchant weapon {unknown}
 m - 2 scrolls of vulnerability {unknown}
 o - 2 scrolls of torment {unknown}
 r - 4 scrolls of teleportation {unknown}
 t - 2 scrolls of amnesia {unknown}
 u - a scroll of fear {unknown}
 z - 2 scrolls of poison {unknown}
 C - a scroll of butterflies {unknown}
 J - a scroll of enchant armour {unknown}
Potions
 g - a potion of brilliance {unknown}
 l - a potion of lignification {unknown}
 q - 2 potions of heal wounds {unknown}
 v - 2 potions of invisibility {unknown}
 w - 4 potions of haste {unknown}
 x - 5 potions of flight {unknown}
 D - a potion of degeneration {unknown}
 E - 2 potions of ambrosia {unknown}
 F - a potion of might


   Skills:
 + Level 8.4 Fighting
 + Level 5.2 Short Blades
 + Level 5.2 Long Blades
 + Level 7.0 Axes
 + Level 5.2 Maces & Flails
 + Level 5.2 Polearms
 + Level 5.2 Staves
 + Level 5.2 Ranged Weapons
 + Level 5.2 Throwing
 + Level 8.4 Armour
 + Level 5.2 Dodging
 + Level 5.2 Stealth
 + Level 8.4 Shields
 + Level 5.2 Unarmed Combat
 + Level 5.2 Spellcasting
 + Level 4.3 Conjurations
 + Level 4.3 Hexes
 + Level 4.3 Summonings
 + Level 4.3 Necromancy
 + Level 4.3 Translocations
 + Level 4.3 Transmutations
 + Level 4.3 Fire Magic
 + Level 4.3 Ice Magic
 + Level 4.3 Air Magic
 + Level 4.3 Earth Magic
 + Level 4.3 Poison Magic
 + Level 5.7 Invocations
 + Level 5.2 Evocations


You had 16 spell levels left.
You knew the following spells:

 Your Spells              Type           Power      Damage    Failure   Level
a - Foxfire               Conj/Fire      100%       2x1d9     2%          1
b - Call Imp              Summ           33%        N/A       3%          2

Your spell library contained the following spells:

 Spells                   Type           Power      Damage    Failure   Level
 Magic Dart               Conj           100%       1d8       2%          1
 Conjure Flame            Conj/Fire      33%        6-21      7%          3
 Inner Flame              Hex/Fire       33%        N/A       7%          3
 Mephitic Cloud           Conj/Pois/Air  33%        N/A       7%          3
 Flame Wave               Conj/Fire      33%        2d10      24%         4


Dungeon Overview and Level Annotations

Branches:
Dungeon (8/15)             Temple (0/1) D:6
   Lair: D:8-11

Altars:
Cheibriados
Elyvilon
Qazlal
Ru
Wu Jian
Yredelemnul
Zin

Shops:
D:3 *   D:6 (


Innate Abilities, Weirdness & Mutations

You have very sharp teeth.
Your uncanny sense of smell can sniff out nearby items.
Your experience applies equally to all skills.


Message History

You hit the wight but do no damage. You bite the wight, but do no damage.
The wight is lightly damaged.
The wight hits you with a +1 halberd.
You slash the wight!
The wight convulses!
You destroy the wight!
Cheibriados thoroughly appreciates the change of pace.
Things that are here:
a +1 halberd; a +0 robe An electric eel comes into view.
The wight hits you with a +2 mace! The wight barely misses you.
You hit the wight but do no damage. The wight hits you with a +2 mace!
You hit the wight.
The wight convulses.
Your bite misses the wight.
The wight is lightly damaged.
The wight hits you with a +2 mace.
You hit the wight but do no damage.
The wight is lightly damaged.
The wight closely misses you.
You slice the wight!!
You destroy the wight!
Cheibriados appreciates the change of pace.
You enter the shallow water.
Moving in this stuff is going to be slow.
The electric eel shoots out a bolt of lightning at you!
The bolt of electricity hits you!
The electric eel shoots out a bolt of lightning at you!
The bolt of electricity hits you!
You are too injured to fight recklessly!
You are too injured to fight recklessly!
You are too injured to fight recklessly!
You are too injured to fight recklessly!
The electric eel shoots out a bolt of lightning at you!
The bolt of electricity hits you.
The electric eel shoots out a bolt of lightning at you!
The bolt of electricity hits you!
* * * LOW HITPOINT WARNING * * *
The bolt of electricity hits you!
* * * LOW HITPOINT WARNING * * *
The electric eel shoots out a bolt of lightning at you!
The bolt of electricity hits you!
You die...

### #........# ..#
#...~~~..# #.#
#...~~~..# #.#
#...~~~..# #.# #######
#...S~~..## #.# #.....#
#....⌠....# ##.###.###.#
#.......#.#
....[......######.....##
#
##.........<..))@)..###
####...#.##[########
####.#.#..##.#
.......##..#.#
####.###.#.#.#
#####†#.##.#.#
#............#
#.####)###.... ..# ...


You could see an electric eel.

Vanquished Creatures
  A two-headed ogre (D:5)
  Prince Ribbit (D:6)
  Grinder (D:6)
  A water moccasin (D:6)
  A sky beast (D:8)
  A black bear (D:6)
  An ogre (D:6)
  4 wolves (D:8)
  2 centaurs
  2 phantoms (D:6)
  4 bullfrogs
  2 necrophages (D:5)
  A scorpion (D:6)
  11 wights
  2 howler monkeys
  Crazy Yiuf (D:6)
  A jelly (D:5)
  An orc priest (D:6)
  7 hounds
  Terence (D:3)
  3 iguanas
  2 orc wizards
  8 gnolls
  8 adders
  3 white imps
  2 ufetubi
  A worm (D:3)
  3 dart slugs
  7 orcs
  5 ball pythons
  3 endoplasms
  A giant cockroach (D:1)
  9 goblins
  9 hobgoblins
  2 jackals (D:5)
  5 quokkas
  8 bats
  8 frilled lizards
  6 kobolds
  A rat (D:1)
140 creatures vanquished.

Vanquished Creatures (others)
  4 foxfires
  A fungus (D:6)
  11 plants (D:5)
16 creatures vanquished.

Grand Total: 156 creatures vanquished

Notes
Turn   | Place    | Note
-------+----------+-------------------------------------------
     0 | D:1      | Rennog the Gnoll Fighter began the quest for the Orb.
     0 | D:1      | Reached XP level 1. HP: 23/23 MP: 1/1
   201 | D:1      | Reached XP level 2. HP: 29/29 MP: 2/2
   289 | D:1      | Found a faded altar of an unknown god.
   311 | D:1      | Reached XP level 3. HP: 35/35 MP: 3/3
   314 | D:1      | Prayed at the altar of an unknown god.
   314 | D:1      | Became a worshipper of Ru the Awakened
   603 | D:1      | Fell from the grace of Ru
  1046 | D:2      | Reached skill level 1 in Invocations
  1720 | D:3      | Reached skill level 1 in Short Blades
  1720 | D:3      | Reached skill level 1 in Long Blades
  1720 | D:3      | Reached skill level 1 in Maces & Flails
  1720 | D:3      | Reached skill level 1 in Polearms
  1720 | D:3      | Reached skill level 1 in Staves
  1720 | D:3      | Reached skill level 1 in Ranged Weapons
  1720 | D:3      | Reached skill level 1 in Throwing
  1720 | D:3      | Reached skill level 1 in Dodging
  1720 | D:3      | Reached skill level 1 in Stealth
  1720 | D:3      | Reached skill level 1 in Unarmed Combat
  1720 | D:3      | Reached skill level 1 in Spellcasting
  1720 | D:3      | Reached skill level 1 in Evocations
  1952 | D:3      | Reached XP level 4. HP: 31/41 MP: 5/5
  2072 | D:3      | Found Zin's Purification Station.
  2078 | D:3      | Found a glowing silver altar of Zin.
  2124 | D:3      | Found a snail-covered altar of Cheibriados.
  2127 | D:3      | Noticed Terence
  2142 | D:3      | Killed Terence
  2143 | D:3      | Reached skill level 1 in Conjurations
  2143 | D:3      | Reached skill level 1 in Hexes
  2143 | D:3      | Reached skill level 1 in Summonings
  2143 | D:3      | Reached skill level 1 in Necromancy
  2143 | D:3      | Reached skill level 1 in Translocations
  2143 | D:3      | Reached skill level 1 in Transmutations
  2143 | D:3      | Reached skill level 1 in Fire Magic
  2143 | D:3      | Reached skill level 1 in Ice Magic
  2143 | D:3      | Reached skill level 1 in Air Magic
  2143 | D:3      | Reached skill level 1 in Earth Magic
  2143 | D:3      | Reached skill level 1 in Poison Magic
  2147 | D:3      | Became a worshipper of Cheibriados the Contemplative
  2222 | D:3      | Found a white marble altar of Elyvilon.
  2602 | D:4      | Reached XP level 5. HP: 42/47 MP: 5/7
  2697 | D:4      | Found a stormy altar of Qazlal.
  2930 | D:4      | Identified the +4 rapier of Laceration {flame, Dex+3}
  2977 | D:4      | Found a basalt altar of Yredelemnul.
  3329 | D:4      | Reached * piety under Cheibriados
  3334 | D:4      | Reached XP level 6. HP: 40/53 MP: 8/8
  3544 | D:5      | Entered Level 5 of the Dungeon
  3547 | D:5      | Noticed a two-headed ogre
  3676 | D:5      | Reached skill level 5 in Axes
  3839 | D:5      | Reached XP level 7. HP: 59/59 MP: 10/10
  3909 | D:6      | Noticed Grinder
  4034 | D:6      | Noticed Prince Ribbit
  4054 | D:6      | Killed Prince Ribbit
  4198 | D:6      | Learned a level 1 spell: Foxfire
  4226 | D:6      | Identified the +7 long sword "Acriurch" {holy, rF- rCorr
                  | Str+3}
  4230 | D:6      | Reached XP level 8. HP: 63/67 MP: 12/12
  4236 | D:6      | Reached ** piety under Cheibriados
  4420 | D:6      | Killed Grinder
  4734 | D:6      | Found Sot Naa's Weapon Emporium.
  4983 | D:6      | Found a staircase to the Ecumenical Temple.
  5024 | D:6      | Found a runed translucent door.
  5025 | D:6      | Noticed Crazy Yiuf
  5323 | D:5      | Killed a two-headed ogre
  5324 | D:5      | Reached XP level 9. HP: 47/74 MP: 13/15
  5804 | D:5      | Found an ornate altar of the Wu Jian Council.
  5930 | D:6      | Killed Crazy Yiuf
  6041 | D:7      | Reached skill level 5 in Invocations
  6599 | D:7      | Learned a level 2 spell: Call Imp
  6640 | D:8      | Reached *** piety under Cheibriados
  6716 | D:8      | Reached skill level 5 in Short Blades
  6716 | D:8      | Reached skill level 5 in Long Blades
  6716 | D:8      | Reached skill level 5 in Maces & Flails
  6716 | D:8      | Reached skill level 5 in Polearms
  6716 | D:8      | Reached skill level 5 in Staves
  6716 | D:8      | Reached skill level 5 in Ranged Weapons
  6716 | D:8      | Reached skill level 5 in Throwing
  6716 | D:8      | Reached skill level 5 in Dodging
  6716 | D:8      | Reached skill level 5 in Stealth
  6716 | D:8      | Reached skill level 5 in Unarmed Combat
  6716 | D:8      | Reached skill level 5 in Spellcasting
  6716 | D:8      | Reached skill level 5 in Evocations
  6716 | D:8      | Reached XP level 10. HP: 18/81 MP: 17/17
  7105 | D:8      | Killed from afar by an electric eel

Illustrated notes

Levels and vault maps discovered:
D:1:      minmay_arrival_up_and_down, layout_basic,
          hellmonk_ecumenical_altar_run_dry, st_stairs_5
D:2:      layout_basic
D:3:      layout_loops_cross, old_standard_altar,
          nicolae_overflow_hidden_temple, zin_purify, lemuel_old_faithful,
          uniq_terence
D:4:      layout_basic, grunt_qazlal_clouds, mainiacjoe_overflow_paths
D:5:      layout_loops_cross, mainiacjoe_overflow_alcove_1,
          serial_bayou_crossing
D:6:      layout_basic, minmay_temple_entry_fiery, serial_shops, shop_fountains,
          minmay_checkerbox, uniq_crazy_yiuf_cottage, uniq_grinder,
          uniq_prince_ribbit1
D:7:      layout_rooms
D:8:      layout_loops_ring, okawaru_trees_2, marbit_many_paths,
          erik_lair_island, grunt_ministairs_3, serial_park_tiny_pond,
          minmay_crossroads

Skill      XL: |  1  2  3  4  5  6  7  8  9 10 |
---------------+-------------------------------+-----
Invocations    | 1 2 3 4 5 |  5.7
Short Blades   | 1 2 3 4 5 |  5.2
Long Blades    | 1 2 3 4 5 |  5.2
Maces & Flails | 1 2 3 4 5 |  5.2
Polearms       | 1 2 3 4 5 |  5.2
Staves         | 1 2 3 4 5 |  5.2
Ranged Weapons | 1 2 3 4 5 |  5.2
Throwing       | 1 2 3 4 5 |  5.2
Dodging        | 1 2 3 4 5 |  5.2
Stealth        | 1 2 3 4 5 |  5.2
Unarmed Combat | 1 2 3 4 5 |  5.2
Spellcasting   | 1 2 3 4 5 |  5.2
Evocations     | 1 2 3 4 5 |  5.2
Conjurations   | 1 2 3 4 |  4.3
Hexes          | 1 2 3 4 |  4.3
Summonings     | 1 2 3 4 |  4.3
Necromancy     | 1 2 3 4 |  4.3
Translocations | 1 2 3 4 |  4.3
Transmutations | 1 2 3 4 |  4.3
Fire Magic     | 1 2 3 4 |  4.3
Ice Magic      | 1 2 3 4 |  4.3
Air Magic      | 1 2 3 4 |  4.3
Earth Magic    | 1 2 3 4 |  4.3
Poison Magic   | 1 2 3 4 |  4.3
Axes           | 5 6 7 |  7.0
Fighting       | 7 8 |  8.4
Armour         | 7 8 |  8.4
Shields        | 7 8 |  8.4

Action                   |  1- 3 |  4- 6 |  7- 9 | 10-12 || total
-------------------------+-------+-------+-------+-------++-------
Melee: War axe           |    64 |       |       |       ||    64
       Bite              |     5 |     6 |    18 |     6 ||    35
       Falchion          |    34 |    67 |       |       ||   101
       Rapier            |       |    77 |    40 |       ||   117
       Long sword        |       |       |   155 |    38 ||   193
 Cast: Foxfire           |       |       |     3 |       ||     3
       Call Imp          |       |       |     1 |     1 ||     2
Invok: Renounce Religion |     1 |       |       |       ||     1
  Use: Potion            |       |       |     1 |       ||     1
 Stab: Distracted        |       |       |     1 |       ||     1
Armor: Scale mail        |    56 |   102 |    83 |     5 ||   246
Dodge: Dodged            |    39 |    46 |   135 |    21 ||   241
Block: Buckler           |    31 |    36 |    76 |    14 ||   157
